 Dungeon Crawl Stone Soup version 0.30-a0-587-gfd7c166f36 (webtiles) character file.

Game seed: 7936709501843416972

64771 Bnni the Skirmisher (level 15, -2/118 HPs)
             Began as a Formicid Hexslinger on Jan 4, 2023.
             Was the Champion of Dithmenos.
             Constricted to death by Jorgrun (5 damage)
             ... while petrified by Jorgrun
             ... on level 12 of the Dungeon.
             The game lasted 00:57:42 (22592 turns).

Bnni the Skirmisher (Formicid Hexslinger)          Turns: 22592, Time: 00:57:42

Health: -2/118     AC:  6    Str: 15    XL:     15   Next: 55%
Magic:  11/27      EV: -1    Int: 16    God:    Dithmenos [******]
Gold:   2530       SH:  0    Dex: 24    Spells: 3/31 levels left

rFire   + . .      SeeInvis +    a - +4 arbalest (elec)
rCold   x . .      Faith    .    N - +0 buckler
rNeg    + + +      Spirit   .    c - +0 robe
rPois   ∞          Reflect  .    (helmet unavailable)
rElec   .          Harm     .    v - +2 cloak
rCorr   .          Rampage  .    (no gloves)
Will    +....                    D - +0 pair of boots
Stlth   +++                      R - amulet of Vitality {RegenMP++ Regen++}
HPRegen 1.99/turn                F - ring of fire
MPRegen 1.00/turn                H - +6 ring of dexterity

@: petrified, grasped by roots, very slightly contaminated, wreathed by umbra,
constricted
A: permanent stasis, dig shafts and tunnels, antennae 3, four strong arms
a: Dig, Shaft Self, Renounce Religion, Shadow Step, Shadow Form


You were on level 12 of the Dungeon.
You worshipped Dithmenos.
Dithmenos was exalted by your worship.
You visited 2 branches of the dungeon, and saw 18 of its levels.

You collected 2530 gold pieces.

Inventory:

Hand Weapons
 a - a +4 arbalest of electrocution (weapon)
 S - the +7 dagger of Sudden Death {protect, Int+2 SInv}
   (You found it on level 4 of the Lair of Beasts)

   It grants its wielder temporary protection when it strikes (+7 to AC).
   Int:       It affects your intelligence (+2).
   SInv:      It lets you see invisible.
Missiles
 e - 33 poisoned darts
 E - 5 boomerangs of dispersal
 I - 2 throwing nets
Armour
 c - a +0 robe (worn)
 v - a +2 cloak (worn)
 D - a +0 pair of boots (worn)
 J - a +0 kite shield
 N - a +0 buckler (worn)
Jewellery
 h - a ring of resist corrosion
 y - a ring of ice
 F - a ring of fire (left hand)
 H - a +6 ring of dexterity (right hand)
 P - a ring of fire
 R - the amulet of Vitality (around neck) {RegenMP++ Regen++}
   (You found it on level 5 of the Lair of Beasts)

   [amulet of magic regeneration]

   It increases your rate of magic regeneration.
   Regen:     It increases your rate of health regeneration.
Wands
 u - a wand of polymorph (2)
 A - a wand of light (4)
 B - a wand of iceblast (13)
 L - a wand of paralysis (17)
 M - a wand of flame (29)
 Q - a wand of mindburst (10)
Scrolls
 b - 2 scrolls of poison
 f - 3 scrolls of blinking {unknown}
 i - 4 scrolls of magic mapping
 m - 2 scrolls of amnesia
 n - a scroll of brand weapon
 o - 3 scrolls of torment
 q - 6 scrolls of immolation
 r - 3 scrolls of noise {unknown}
 w - 5 scrolls of fog
 z - 5 scrolls of enchant weapon
 C - 4 scrolls of enchant armour
 T - a scroll of summoning
 U - 2 scrolls of vulnerability {unknown}
Potions
 d - 5 potions of curing
 g - 3 potions of lignification
 j - 5 potions of might
 k - 3 potions of flight
 l - 4 potions of heal wounds
 p - a potion of brilliance
 s - a potion of magic
 t - 3 potions of attraction
 x - 3 potions of ambrosia
 G - a potion of cancellation
 K - 5 potions of mutation {unknown}
 O - a potion of haste {unknown}


   Skills:
 + Level 11.1 Fighting
 * Level 14.3 Ranged Weapons
 + Level 4.8 Dodging
 * Level 12.8 Shields
 + Level 8.6 Spellcasting
 + Level 14.1 Hexes
 - Level 3.0 Translocations
 - Level 7.0 Transmutations
 - Level 3.0 Fire Magic
 + Level 4.6 Ice Magic


You had 3 spell levels left.
You knew the following spells:

 Your Spells              Type           Power      Damage    Failure   Level
a - Slow                  Hex            100%       N/A       1%          1
b - Inner Flame           Hex/Fire       50%        N/A       1%          3
c - Portal Projectile     Hex/Tloc       68%        N/A       1%          3
d - Cause Fear            Hex            25%        N/A       1%          4
e - Enfeeble              Hex            25%        N/A       30%         7
i - Yara's Violent Unrav  Hex/Tmut       20%        3d9       4%          5
m - Metabolic Englaciati  Hex/Ice        18%        N/A       7%          5

Your spell library contained the following spells:

 Spells                   Type           Power      Damage    Failure   Level
 Apportation              Tloc           32%        N/A       3%          1
 Necrotise                Necr           24%        1d5       12%         1
 Summon Small Mammal      Summ           24%        N/A       12%         1
 Cigotuvi's Dreadful Rot  Necr/Pois/Air  12%        N/A       19%         2
 Poisonous Vapours        Pois/Air       12%        N/A       19%         2
 Call Canine Familiar     Summ           6%         N/A       34%         3
 Mephitic Cloud           Conj/Pois/Air  6%         N/A       34%         3
 Vampiric Draining        Necr           6%         2d6       34%         3
 Leda's Liquefaction      Hex/Erth       14%        N/A       6%          4
 Blade Hands              Tmut           14%        N/A       19%         5
 Summon Mana Viper        Hex/Summ       29%        N/A       19%         5
 Flame Wave               Conj/Fire      17%        2d7       54%         4
 Sticky Flame             Conj/Fire      17%        2d4       54%         4
 Irradiate                Conj/Tmut      9%         3d14      61%         5
 Agony                    Necr           6%         N/A       97%         5
 Dragon Form              Tmut           14%        N/A       99%         7


Dungeon Overview and Level Annotations

Branches:
Dungeon (13/15)            Temple (0/1) D:4            Lair (5/5) D:11
  Swamp (0/4) Lair:3        Snake (0/4) Lair:3        Slime (0/5) Lair:5
    Orc (0/2) D:11
 Vaults: D:13-14

Altars:
Cheibriados
Dithmenos
Elyvilon
Fedhas
Makhleb
Ru
Sif Muna
Uskayaw
Vehumet
Wu Jian
Yredelemnul
The Shining One
Jiyva

Shops:
D:1 !   D:9 *(

Annotations:
D:12 2 transporters, Jorgrun; Xaett's ghost, journeyman GrEE


Innate Abilities, Weirdness & Mutations

You cannot be hasted, slowed, berserked, paralysed or teleported.
You can dig through walls and to a lower floor.
You have a pair of large antennae on your head. (SInv)
Your four strong arms can wield two-handed weapons with a shield.


Message History

Press: ? - help, Dir - look around, f - activate You miscast Metabolic Englaciation.
Nothing appears to happen.
Jorgrun gestures at you while chanting.
You are slowing down.
You feel limber!
You feel magically purged.
You feel slightly less contaminated with magical energies.
You block Jorgrun's attack.
Casting: Metabolic Englaciation (dangerous; 7% risk of failure)
Confirm with . or Enter, or press ? or * to list all spells.
Casting: Metabolic Englaciation (dangerous; 7% risk of failure)
Press: ? - help, Dir - look around, f - activate Look: Jorgrun, wielding a +0 heavy quarterstaff and wearing a +2 robe of willpower (black smoke, severely wounded, weak, magic disrupted, umbra, chance to slow: 71%)
You radiate an aura of cold.
Jorgrun seems to slow down.
Jorgrun gestures at you while chanting.
Roots burst forth from the earth!
The grasping roots grab you! The grasping roots constrict you!
You shoot a bolt. The bolt hits Jorgrun!!
Jorgrun is almost dead.
Jorgrun's magic is no longer disrupted.
Jorgrun is no longer weakened.
Jorgrun casts a spell at you.
You are slowing down.
The grasping roots constrict you!
You shoot a bolt. The bolt barely misses Jorgrun.
Jorgrun gestures next to you while chanting.
The wall shatters!
The blast of rock fragments hits you!!!
* * * LOW HITPOINT WARNING * * *
The grasping roots constrict you!
* * * LOW HITPOINT WARNING * * *
You have turned to stone.
Jorgrun is no longer moving slowly.
Jorgrun hits you with a +0 heavy quarterstaff!
* * * LOW HITPOINT WARNING * * *
The grasping roots constrict you!
* * * LOW HITPOINT WARNING * * *
Jorgrun hits you with a +0 heavy quarterstaff!
* * * LOW HITPOINT WARNING * * *
The grasping roots constrict you!
You die...

############ #..........###
#..........'§##########
#####
###..........#§§@g§.....##
#....
#.'..........##########..##
#.... ..#..........# ##.<#
#.... ###..........#
##.###.... #........).#
#...'.... #.......)..#
#####.... ########'###
#.... #...# ####. #
#####'#### ###


You could see Jorgrun.

Vanquished Creatures
  The ghost of Heedrag the Geomancer, a journeyman GrEE of Vehumet (Lair:1)
  An ice dragon (Lair:5)
  11 hydras
  Harold (D:9)
  A boulder beetle (D:7)
  5 two-headed ogres
  4 skeletal warriors (D:12)
  Pikel (D:4)
  4 lindwurms
  An ugly thing (D:12)
  A manticore (D:12)
  An eye of devastation (Lair:5)
  2 elephants (Lair:1)
  A gargoyle (D:13)
  4 black mambas (Lair:4)
  8 torpor snails (Lair:5)
  14 cane toads
  13 komodo dragons
  An unseen horror (D:10)
  3 rime drakes
  5 trolls
  11 polar bears
  6 hornets (Lair:5)
  3 tyrant leeches (Lair:5)
  Prince Ribbit (D:9)
  A raiju (shapeshifter) (D:13)
  11 blink frogs
  12 dream sheep
  6 raiju (Lair:5)
  A spriggan (shapeshifter) (D:13)
  3 shadows
  2 wraiths
  2 vampires
  44 yaks
  2 wyverns
  8 basilisks
  Eustachio (D:3)
  A steam dragon (D:10)
  8 vampire mosquitoes
  6 wargs (Lair:5)
  A naga (Lair:3)
  4 swamp worms (Lair:3)
  An acid dragon (D:12)
  9 hell hounds (Lair:5)
  A floating eye (Lair:5)
  8 water moccasins
  2 ice beasts
  3 orc warriors
  15 black bears
  2 sky beasts
  37 wolves
  3 ogres
  2 lemures (D:3)
  12 centaurs
  3 phantoms
  4 kobold brigands
  14 bullfrogs
  A necrophage (D:3)
  2 scorpions
  10 wights (D:6)
  13 killer bees
  5 howler monkeys
  4 hounds
  8 orc priests
  A jelly (D:6)
  A gnoll bouda (D:6)
  An iron imp (D:8)
  7 iguanas
  13 orc wizards
  A hell rat (Lair:4)
  6 gnolls
  7 adders
  3 river rats (Lair:4)
  3 shadow imps
  A white imp (D:6)
  2 worms
  3 dart slugs
  30 orcs
  7 endoplasms
  2 giant cockroaches
  5 goblins
  4 hobgoblins
  4 jackals (D:3)
  2 quokkas
  6 ball pythons
  5 bats
  3 frilled lizards
  16 kobolds
  10 rats
519 creatures vanquished.

Vanquished Creatures (others)
  27 fungi
  53 plants
80 creatures vanquished.

Grand Total: 599 creatures vanquished

Notes
Turn   | Place    | Note
-------+----------+-------------------------------------------
     0 | D:1      | Bnni the Formicid Hexslinger began the quest for the Orb.
     0 | D:1      | Reached XP level 1. HP: 15/15 MP: 2/2
   163 | D:1      | Reached XP level 2. HP: 21/21 MP: 3/3
   183 | D:1      | Found a faded altar of an unknown god.
   196 | D:1      | Found Pesen's Distillery.
   537 | D:1      | Reached skill level 1 in Fire Magic
   946 | D:1      | Reached XP level 3. HP: 20/26 MP: 4/4
   950 | D:1      | Learned a level 3 spell: Inner Flame
  1508 | D:2      | Reached XP level 4. HP: 32/32 MP: 6/6
  1917 | D:3      | Noticed a black bear
  2081 | D:3      | Killed a black bear
  2082 | D:3      | Reached XP level 5. HP: 38/38 MP: 0/7
  2208 | D:3      | Found a shimmering blue altar of Sif Muna.
  2606 | D:3      | Found a sacrificial altar of Ru.
  2662 | D:3      | Reached XP level 6. HP: 27/44 MP: 9/9
  2741 | D:3      | Learned a level 4 spell: Cause Fear
  2763 | D:3      | Found a shadowy altar of Dithmenos.
  2763 | D:3      | Found a faded altar of an unknown god.
  2776 | D:3      | Found a hide-covered altar of Uskayaw.
  2778 | D:3      | Found a faded altar of an unknown god.
  2780 | D:3      | Found a burning altar of Makhleb.
  2805 | D:3      | Became a worshipper of Dithmenos the Shadowed
  3052 | D:4      | Noticed Pikel
  3108 | D:4      | Noticed Eustachio
  3210 | D:3      | Killed Eustachio
  3211 | D:3      | Reached skill level 5 in Hexes
  3320 | D:4      | Noticed an ogre
  3338 | D:4      | Killed an ogre
  3339 | D:4      | Reached XP level 7. HP: 51/51 MP: 6/10
  3377 | D:4      | Learned a level 3 spell: Portal Projectile
  3503 | D:3      | Reached skill level 1 in Translocations
  3752 | D:4      | Found an ornate altar of the Wu Jian Council.
  4129 | D:4      | Found a staircase to the Ecumenical Temple.
  4261 | D:4      | Reached XP level 8. HP: 46/58 MP: 12/12
  4327 | D:4      | Killed Pikel
  4328 | D:4      | Reached skill level 5 in Ranged Weapons
  4393 | D:5      | Entered Level 5 of the Dungeon
  5002 | D:5      | Identified a scroll of acquirement
  5003 | D:5      | Acquired a +4 arbalest of electrocution
  5023 | D:6      | Reached XP level 9. HP: 65/65 MP: 14/14
  5046 | D:6      | Reached skill level 1 in Transmutations
  5066 | D:5      | Reached * piety under Dithmenos
  5527 | D:6      | Learned a level 5 spell: Yara's Violent Unravelling
  5566 | D:6      | Reached skill level 5 in Fighting
  5775 | D:6      | Reached XP level 10. HP: 74/74 MP: 17/17
  5846 | D:6      | Found a radiant altar of Vehumet.
  5885 | D:6      | Found a basalt altar of Yredelemnul.
  6022 | D:6      | Found a blossoming altar of Fedhas.
  6057 | D:6      | Found a white marble altar of Elyvilon.
  6172 | D:7      | Noticed a boulder beetle
  6189 | D:7      | Killed a boulder beetle
  6189 | D:7      | Reached ** piety under Dithmenos
  6190 | D:7      | Reached skill level 5 in Spellcasting
  7100 | D:8      | Reached skill level 10 in Hexes
  7171 | D:8      | Reached *** piety under Dithmenos
  7284 | D:8      | Found a snail-covered altar of Cheibriados.
  7553 | D:8      | You fall into a shaft and drop 3 floors!
  7579 | D:11     | Reached XP level 11. HP: 82/82 MP: 19/19
  7591 | D:11     | Noticed a two-headed ogre
  7608 | D:11     | Noticed a two-headed ogre
  7963 | D:11     | Killed a two-headed ogre
  7964 | D:11     | Reached skill level 5 in Transmutations
  8132 | D:11     | Killed a two-headed ogre
  8377 | D:10     | Entered Level 10 of the Dungeon
  8382 | D:9      | Noticed Prince Ribbit
  8384 | D:9      | Killed Prince Ribbit
  8407 | D:9      | Learned a level 7 spell: Enfeeble
  8547 | D:9      | Noticed Harold
  8554 | D:9      | Killed Harold
  8655 | D:9      | Reached skill level 10 in Ranged Weapons
  9085 | D:9      | Reached **** piety under Dithmenos
  9166 | D:9      | Reached skill level 1 in Shields
  9176 | D:9      | Found Qigaukke's Gadget Gallery.
  9478 | D:9      | Reached XP level 12. HP: 90/91 MP: 22/22
  9727 | D:9      | Found Sonybiedo's Weapon Boutique.
 10621 | D:10     | Noticed a two-headed ogre
 10626 | D:10     | Killed a two-headed ogre
 10963 | D:10     | Found a glowing golden altar of the Shining One.
 11688 | D:10     | Noticed a stone giant
 11703 | D:10     | Noticed a two-headed ogre
 11705 | D:10     | Noticed a two-headed ogre
 11713 | D:10     | Killed a two-headed ogre
 11730 | D:10     | Killed a two-headed ogre
 12009 | D:11     | Found a staircase to the Lair.
 12109 | D:11     | Found a staircase to the Orcish Mines.
 12513 | D:12     | Found a transporter.
 12517 | D:12     | Noticed Xaett's ghost (journeyman GrEE)
 12788 | D:12     | Found a transporter.
 12853 | D:12     | Reached skill level 5 in Shields
 13044 | D:12     | Noticed a skeletal warrior
 13047 | D:12     | Noticed a skeletal warrior
 13527 | D:13     | Noticed an eight-headed hydra
 13532 | D:13     | Killed an eight-headed hydra
 13650 | D:13     | Noticed Jorgrun
 13709 | Lair:1   | Entered Level 1 of the Lair of Beasts
 13723 | Lair:1   | Reached XP level 13. HP: 95/100 MP: 23/23
 14144 | Lair:1   | Reached ***** piety under Dithmenos
 14356 | Lair:1   | Found a runed translucent door.
 14356 | Lair:1   | Noticed Heedrag's ghost (journeyman GrEE)
 14768 | Lair:1   | Noticed an eight-headed hydra
 14784 | Lair:1   | Killed an eight-headed hydra
 16185 | Lair:3   | Got the Guidebook on Glamour
 16262 | Lair:3   | Found a staircase to the Snake Pit.
 16367 | Lair:3   | Noticed a five-headed hydra
 16377 | Lair:3   | Killed a five-headed hydra
 16388 | Lair:3   | Noticed a six-headed hydra
 16408 | Lair:3   | Reached skill level 1 in Ice Magic
 16633 | Lair:3   | Found a staircase to the Swamp.
 17070 | Lair:4   | Reached skill level 10 in Shields
 17070 | Lair:4   | Reached XP level 14. HP: 78/109 MP: 17/24
 17154 | Lair:4   | Reached skill level 10 in Fighting
 17322 | Lair:4   | Identified the +7 dagger of Sudden Death {protect, Int+2
                  | SInv}
 18216 | Lair:5   | Entered Level 5 of the Lair of Beasts
 19400 | Lair:4   | Learned a level 5 spell: Metabolic Englaciation
 19448 | Lair:5   | Reached ****** piety under Dithmenos
 20238 | Lair:5   | Reached XP level 15. HP: 96/117 MP: 2/27
 21010 | Lair:5   | Found a runed translucent door.
 21952 | Lair:5   | Found a staircase to the Slime Pits.
 22017 | Lair:5   | Found a viscous altar of Jiyva.
 22030 | Lair:5   | Found the amulet of Vitality {RegenMP++ Regen++}
 22328 | Lair:1   | Killed Heedrag's ghost
 22591 | D:12     | HP: 5/118 [constriction (8)]
 22592 | D:12     | Constricted to death by Jorgrun

Illustrated notes

Levels and vault maps discovered:
D:1:      dreamdust_arrival_sigmund_warning, layout_basic,
          ebering_ecumenical_altar_webs, serial_shops, nicolae_square_shop
D:2:      layout_loops_ring, chequers_serial_rivers_large_a
D:3:      layout_rooms, mainiacjoe_overflow_paths, hangedman_ru_absence,
          chequers_temple_overflow_minitemple
D:4:      layout_rooms, pdpol_wu_jian_five_deadly_venoms,
          minmay_temple_entry_poolview, uniq_pikel, uniq_eustachio
D:5:      layout_rooms
D:6:      minmay_skewed_foursquare, layout_rooms, yredelemnul_altar_generic,
          lemuel_tele_altar, mainiacjoe_overflow_two_lobes
D:7:      layout_loops_ring
D:8:      layout_basic, slow_altar_1
D:9:      layout_basic, serial_shops, nicolae_lakefront_shop, nrook_campfire,
          st_stairs_11, nicolae_shop_gadgets, uniq_prince_ribbit1, uniq_harold
D:10:     layout_stronghold, mainiacjoe_overflow_24_doors, evilmike_minifort
D:11:     nicolae_cairo_tiling, layout_irregular_city
D:12:     layout_roguey, gammafunk_ghost_stat_death
D:13:     layout_cross, skrybe_vaults_entry_preservation, trog_hazing_becter,
          uniq_jorgrun
Lair:1:   layout_regular_city, hellmonk_ghost_happy_afterlife, nzn_random_ring,
          infiniplex_staircase_pool_2
Lair:2:   layout_big_grid, grunt_megastairs_5
Lair:3:   layout_misc_corridors, palyth_hydra_swamp_entry,
          guppyfry_snake_entry_garden, grunt_forest_small_clearing_treed
Lair:4:   layout_small_grid, chequers_serial_rivers_small_3,
          chequers_serial_rivers_large_b, kennysheep_abandoned_house
Lair:5:   hangedman_lair_caniforms_friends, layout_misc_corridors, wormcave,
          minmay_slime_entry_eyes, infiniplex_staircase_pool

Skill      XL: |  1  2  3  4  5  6  7  8  9 10 11 12 13 14 15 |
---------------+----------------------------------------------+-----
Fire Magic     | 1 2 3 |  3.0
Hexes          | 4 5 6 7 8 10 11 12 13 14 | 14.1
Ranged Weapons | 3 4 5 7 8 10 11 12 13 14 | 14.3
Spellcasting   | 2 3 4 5 7 8 |  8.6
Fighting       | 2 3 4 5 6 7 8 9 10 11 | 11.1
Translocations | 1 3 |  3.0
Transmutations | 2 4 6 7 |  7.0
Shields        | 1 6 10 11 12 | 12.8
Dodging        | 2 4 |  4.8
Ice Magic      | 1 3 4 |  4.6

Action                   |  1- 3 |  4- 6 |  7- 9 | 10-12 | 13-15 || total
-------------------------+-------+-------+-------+-------+-------++-------
 Fire: Sling             |    99 |   116 |   145 |       |       ||   360
       Arbalest          |       |       |    94 |   397 |   737 ||  1228
Throw: Dart              |       |    10 |     1 |     6 |       ||    17
 Cast: Slow              |     2 |    14 |    15 |    10 |     5 ||    46
       Inner Flame       |       |     8 |     9 |    18 |    19 ||    54
       Portal Projectile |       |       |     4 |     8 |    13 ||    25
       Cause Fear        |       |       |       |    13 |    40 ||    53
       Metabolic Englaci |       |       |       |       |    13 ||    13
       Enfeeble          |       |       |       |       |     4 ||     4
       Yara's Violent Un |       |       |       |       |     1 ||     1
 Abil: Dig               |       |     1 |       |     2 |     7 ||    10
  Use: Scroll            |       |     6 |     7 |     8 |     5 ||    26
       Potion            |       |     2 |       |     2 |     8 ||    12
Armor: Robe              |    12 |    20 |    25 |    44 |    39 ||   140
Dodge: Dodged            |    26 |    73 |   103 |   158 |   189 ||   549
Block: Kite shield       |       |       |       |    19 |   283 ||   302
       Buckler           |       |       |       |       |     5 ||     5

Table legend: (Time is in decaauts)
 A = Elapsed time spent in this place.
 B = Non-inter-level travel time spent in this place.
 C = Inter-level travel time spent in this place.
 D = Time resting spent in this place.
 E = Time spent auto-exploring this place.
 F = Levels seen in this place.
 G = Mean time per level.
                   A        B        C        D        E       F      G
               +--------+--------+--------+--------+--------+-----+--------+
         Total |  23219 |  22151 |   1068 |   4820 |  13187 |  18 | 1289.9 |
       Dungeon |  14252 |  13596 |    656 |   2338 |   8717 |  13 | 1096.3 |
          Lair |   8966 |   8554 |    412 |   2481 |   4469 |   5 | 1793.2 |
               +--------+--------+--------+--------+--------+-----+--------+

Top non-repeatable levels by time:
  Lair:5: 3050 daAuts
  Lair:4: 2469 daAuts
  Lair:1: 1796 daAuts
    D:10: 1702 daAuts
     D:3: 1504 daAuts
    D:11: 1440 daAuts
     D:9: 1438 daAuts
     D:8: 1154 daAuts
    D:12: 1063 daAuts
     D:1: 1056 daAuts
     D:4: 990 daAuts
     D:6: 984 daAuts
     D:2: 932 daAuts
  Lair:3: 897 daAuts
     D:7: 847 daAuts
